 Dungeon Crawl Stone Soup version 0.27-a0-1312-g5cdb2b3542 (webtiles) character file.

Game seed: 5460453363205934069

49 Sobieck the Ducker (level 3, -3/28 HPs)
             Began as a Spriggan Berserker on June 19, 2021.
             Was a Follower of Trog.
             Slain by a water moccasin (7 damage)
             ... in a sewer.
             The game lasted 00:03:35 (2029 turns).

Sobieck the Ducker (Spriggan Berserker)             Turns: 2029, Time: 00:03:36

Health: -3/28      AC:  2    Str: 14    XL:     3   Next: 51%
Magic:  4/4        EV: 18    Int:  8    God:    Trog [*.....]
Gold:   71         SH:  0    Dex: 14    Spells: 2/2 levels left

rFire    . . .     SeeInvis +   a - +0 falchion {long}
rCold    . . .     Faith    .   (shield restricted)
rNeg     . . .     Spirit   .   b - +0 animal skin
rPois    .         Reflect  .   (helmet restricted)
rElec    .         Harm     .   (no cloak)
rCorr    .         Rampage  .   (gloves unavailable)
Will     .....                  (boots unavailable)
Stlth    ..........             (no amulet)
HPRegen  0.09/turn              k - +4 ring of slaying
MPRegen  0.09/turn              (no ring)

@: berserking, lethally poisoned (-3 -> -11), very quick
A: very small, no large weapons, unfitting armour, see invisible, speed 3
a: Renounce Religion, Berserk


You were in a sewer.
You worshipped Trog.
Trog was aware of your devotion.
You visited 1 branch of the dungeon, and saw 3 of its levels.
You also visited: Sewer.

You collected 71 gold pieces.


Innate Abilities, Weirdness & Mutations

You are very small and have problems with some larger weapons.
You are too small for most types of armour.
You have supernaturally acute eyesight. (SInv)
You cover ground extremely quickly. (Speed+++)


   Skills:
 + Level 2.9 Fighting
 + Level 2.9 Long Blades
 + Level 4.8 Dodging


You had 2 spell levels left.
You didn't know any spells.
Your spell library was empty.

Inventory:

Hand Weapons
 a - a +0 falchion (weapon) {long}
Missiles
 d - 23 bolts
 e - 20 stones {throwing}
 h - 22 arrows
Armour
 b - a +0 animal skin (worn)
Jewellery
 k - a +4 ring of slaying (left hand)
   (You found it on level 2 of the Dungeon)
Scrolls
 g - a scroll of fear
 j - a scroll of immolation {unknown}
 l - a scroll of enchant weapon {unknown}
 m - a scroll of blinking {unknown}
Potions
 c - a potion of invisibility {unknown}
 f - a potion of curing {unknown}
 i - a potion of ambrosia {unknown}

Dungeon Overview and Level Annotations

Branches:
Dungeon (3/15)              Sewer (1/1)

Altars:

Shops:
D:2

( ######## #
###....≈.### #
###...≈..≈...### #
###.≈≈≈.####.≈...##≈$#
###.....### ###@S≈.≈#
......≈## ##..≈≈..#
###.....# .≈≈.### #
###.....# .≈##.)# #
###...... ### $# #
##..... # #####


You could see a water moccasin.


Message History

The jackal completely misses you. The jackal barely misses you.
The kobold hits you but does no damage. The jackal closely misses you. 😮 HP[+7]
You now have 28 max hp (+9).
You regained 7 hp, and now have 21/28 hp.
You are too injured to fight recklessly!
You are too injured to fight recklessly!
You are too injured to fight recklessly!
You are too injured to fight recklessly!
You closely miss the jackal. The jackal bites you.
The jackal completely misses you. 😮 HP[-2]
You take 2 damage, and now have 19/28 hp.
You slash the jackal!
You kill the jackal!
Trog accepts your kill. The jackal misses you.
You slash the jackal!
You kill the jackal!
Trog accepts your kill.
The kobold splashes around in the water.
The kobold barely misses you.
You barely miss the kobold.
The kobold hits you with a +0 dagger. 😮 HP[-1]
You take 1 damage, and now have 18/28 hp.
You slash the kobold!
You kill the kobold!
Trog accepts your kill.
You hear a splash.
The kobold misses you.
You riposte.
You slash the kobold!
You kill the kobold!
Trog accepts your kill.
You slash the kobold!
You kill the kobold!
Trog accepts your kill.
You hear a splash.
You start resting.
You feel a strong urge to attack something.
You feel your anger nearly subside.
You are no longer berserk.
You are exhausted.
You feel yourself slow down.
You feel yourself speed up.
You recover from your berserk rage. 😎 HP[+1]
You now have 19 max hp (-9).
Your hp is fully restored (19).
Things that are here:
a +0 dagger {short}; a jackal corpse
m - a scroll labelled SEENUHUUXUTS You enter the shallow water.
Moving in this stuff is going to be slow.
You enter the shallow water.
Moving in this stuff is going to be slow.
You enter the shallow water.
Moving in this stuff is going to be slow.
You enter the shallow water.
Moving in this stuff is going to be slow.
You enter the shallow water.
Moving in this stuff is going to be slow.
You enter the shallow water.
Moving in this stuff is going to be slow.
A water moccasin comes into view.
The water moccasin hisses angrily.
A red film seems to cover your vision as you go berserk!
You feel yourself moving faster!
You feel mighty! The water moccasin misses you.
The water moccasin bites you. 😕 HP[+6]
You now have 28 max hp (+9).
You regained 6 hp, and now have 25/28 hp.
You completely miss the water moccasin. The water moccasin barely misses you.
You slash the water moccasin! The water moccasin bites you.
You are poisoned.
The water moccasin poisons you! 😕 HP[-3]
You take 3 damage, and now have 22/28 hp.
You hit the water moccasin.
You feel very sick. The water moccasin bites you. 😮 HP[-5]
You take 5 damage, and now have 17/28 hp.
You barely miss the water moccasin.
* * * LOW HITPOINT WARNING * * *
You feel very sick. The water moccasin bites you.
* * * LOW HITPOINT WARNING * * *
😨 HP[-6]
You take 6 damage, and now have 11/28 hp.
MASSIVE DAMAGE!! (PAUSE)
You slash the water moccasin!
* * * LOW HITPOINT WARNING * * *
You feel sick. The water moccasin bites you.
* * * LOW HITPOINT WARNING * * *
😱 HP[-5]
You take 5 damage, and now have 6/28 hp.
You are too berserk!
Unknown command.
You are too berserk!
You barely miss the water moccasin.
* * * LOW HITPOINT WARNING * * *
You feel sick. The water moccasin bites you!
You die...

Action                   || total
-------------------------++-------
Melee: Falchion          ||    74
Invok: Berserk           ||     2
  Use: Scroll            ||     2
Armor: Animal skin       ||     9
Dodge: Dodged            ||    65
       Rpst.: Falchion   ||    22

Levels and vault maps discovered:
D:1:      minmay_arrival_shoal_huts, layout_basic
D:2:      layout_basic, serial_shops, shop, ebering_ecumenical_altar_petrified
D:3:      layout_rooms, nicolae_ru_great_annihilating_truth,
          nicolae_wu_jian_wuxing_cycle, evilmike_ruin_ashenzari,
          portal_sewer_entry_a
Sewer:    sewer_the_moccasin

Notes
Turn   | Place    | Note
-------+----------+-------------------------------------------
     0 | D:1      | Sobieck the Spriggan Berserker began the quest for the Orb.
     0 | D:1      | Reached XP level 1. HP: 11/11 MP: 2/2
     0 | D:1      | magus.rc [v1.9.6]
   479 | D:1      | Reached XP level 2. HP: 16/16 MP: 3/3
   951 | D:2      | HP: 4/16 [goblin (3)]
  1351 | D:2      | Found a faded altar of an unknown god.
  1530 | D:2      | Found Bimapty's Antique Weapon Shop.
  1734 | D:2      | Reached XP level 3. HP: 19/19 MP: 4/4
  1784 | D:3      | Found a glowing drain.
  1874 | Sewer    | Entered a sewer
  2020 | Sewer    | Noticed a water moccasin
  2028 | Sewer    | HP: 6/28 [water moccasin (3)]
  2029 | Sewer    | Slain by a water moccasin

Vanquished Creatures
  2 adders
  3 bats
  2 endoplasms (D:1)
  A giant cockroach (D:3)
  2 goblins
  A hobgoblin (D:1)
  2 jackals (Sewer)
  4 ball pythons
  5 frilled lizards
  5 kobolds
  4 rats
31 creatures vanquished.

Table legend:
 A = Non-vault XP
 B = Vault XP
 C = Vault XP percentage of total XP
 D = Non-vault monster count
 E = Vault monster count
 F = Vault count percentage of total count
                 A         B        C        D         E       F
            +---------+---------+-------+---------+---------+-------
      Total |      43 |      27 |  38.6 |      22 |       9 |  29.0
            +---------+---------+-------+---------+---------+-------
        D:1 |      19 |       0 |   0.0 |      13 |       0 |   0.0
        D:2 |      24 |       0 |   0.0 |       9 |       0 |   0.0
        D:3 |       0 |      18 | 100.0 |       0 |       4 | 100.0
      Sewer |       0 |       9 | 100.0 |       0 |       5 | 100.0
            +---------+---------+-------+---------+---------+-------

Illustrated notes

Table legend:
 A = Kills in this place as a percentage of kills in entire the game.
 B = Kills by you in this place as a percentage of kills by you in the entire game.
 C = Kills by friends in this place as a percentage of kills by friends in the entire game.
 D = Other kills in this place as a percentage of other kills in the entire game.
 E = Experience gained in this place as a percentage of experience gained in the entire game.
 F = Experience gained in this place divided by the number of levels of this place that you have seen.
                   A       B       C       D       E      F
               +-------+-------+-------+-------+-------+----------------------
         Total | 100.0 | 100.0 |   N/A |   N/A | 100.0 |  17.5
       Dungeon |  83.9 |  83.9 |   N/A |   N/A |  87.1 |  20.3
         Sewer |  16.1 |  16.1 |   N/A |   N/A |  12.9 |   9.0
               +-------+-------+-------+-------+-------+----------------------

Table legend: (Time is in decaauts)
 A = Elapsed time spent in this place.
 B = Non-inter-level travel time spent in this place.
 C = Inter-level travel time spent in this place.
 D = Time resting spent in this place.
 E = Time spent auto-exploring this place.
 F = Levels seen in this place.
 G = Mean time per level.
                   A        B        C        D        E       F      G
               +--------+--------+--------+--------+--------+-----+--------+
         Total |   1621 |   1575 |     46 |    573 |    758 |   4 |  405.2 |
       Dungeon |   1473 |   1427 |     46 |    469 |    756 |   3 |  491.0 |
         Sewer |    148 |    148 |      0 |    104 |      1 |   1 |  148.0 |
               +--------+--------+--------+--------+--------+-----+--------+

Top non-repeatable levels by time:
     D:1: 930 daAuts
     D:2: 447 daAuts
   Sewer: 148 daAuts
     D:3: 95 daAuts
